 Dungeon Crawl Stone Soup version 0.17.0-26-gececa24 (console) character file.

35 gw the Ducker (level 3, 0/17 HPs)
             Began as a Felid Berserker on Nov 19, 2015.
             Was a Believer of Trog.
             Slain by a hobgoblin
             ... wielding a +0 club
              (2 damage)
             ... on level 2 of the Dungeon.
             The game lasted 00:00:44 (1690 turns).

gw the Ducker (Felid Berserker)                     Turns: 1690, Time: 00:00:44

Health: 0/17       AC:  1    Str: 11 (13) XL:     3   Next: 16%
Magic:  4/4        EV: 19    Int:  8      God:    Trog [**....]
Gold:   69         SH:  0    Dex: 16      Spells: 0 memorised, 2 levels left
                                        Lives:  0   Deaths: 0

rFire  . . .     SeeInvis +       - Unarmed
rCold  . . .     Clarity  .     (armour unavailable)
rNeg   . . .     SustAt   .     (shield unavailable)
rPois  .         Gourm    .     (helmet unavailable)
rElec  .         Spirit   .     (cloak unavailable)
rCorr  .         Warding  .     (gloves unavailable)
rMut   .         Stasis   .     (boots unavailable)
MR     .....                    (no amulet)
Stlth  +.........               (no ring)
                                (no ring)

@: flying, quick, not resistant to hostile enchantments, very unstealthy
A: no armour, no weapons or thrown items, claws 1, fangs 3, see invisible,
carnivore 3, speed 1, shaggy fur 1, slow metabolism 1, sharp paws
a: Berserk, Trog's Hand, Burn Spellbooks, Renounce Religion


You were on level 2 of the Dungeon.
You worshipped Trog.
Trog was pleased with you.
You were completely stuffed.

You visited 1 branch of the dungeon, and saw 2 of its levels.

You collected 69 gold pieces.

Inventory:

Comestibles
 a - a meat ration
 c - a beef jerky
 h - a royal jelly


   Skills:
 + Level 3.5 Fighting
 + Level 4.4 Dodging
 * Level 3.6 Unarmed Combat


You had 2 spell levels left.
You didn't know any spells.

Dungeon Overview and Level Annotations

Branches:
Dungeon (2/15)

Altars:


Innate Abilities, Weirdness & Mutations

You cannot wear armour.
You are incapable of wielding weapons or throwing items.
You have sharp claws.
You have razor-sharp teeth.
You have supernaturally acute eyesight.
You are carnivorous and can eat meat at any time.
You cover ground quickly.
You are covered in fur (AC +1).
You have a slow metabolism.
Your sharp claws are effective at attacking unaware monsters.


Message History

The jackal misses you. The jackal barely misses you.
ATTACK MOVE TO (-1,-1)
You scratch the giant cockroach but do no damage.
The jackal bites you but does no damage.
The jackal barely misses you. The jackal misses you. The hobgoblin misses you.
The giant cockroach barely misses you.
ATTACK MOVE TO (-1,-1)
You closely miss the giant cockroach. The jackal closely misses you.
The jackal closely misses you. The jackal completely misses you.
The giant cockroach completely misses you.
The hobgoblin hits you but does no damage.
The kobold misses you. The jackal misses you. The jackal misses you.
The jackal misses you.
ATTACK MOVE TO (-1,-1)
You claw the giant cockroach!
You kill the giant cockroach!
Trog accepts your kill. The jackal completely misses you.
The jackal barely misses you. The jackal misses you.
The hobgoblin hits you with a club.
You die...

.... .... .....
. ####.....
..###+#........
...............
..$....hh......
......Khhs.(...
.......#g%....#
######^ ##.####
#. # #. #. ##


You could see 3 jackals, a giant cockroach, a hobgoblin and a kobold.

Table legend:
 A = Turns spent in this place as a percentage of turns spent in the entire game.
 B = Non-inter-level travel turns spent in this place as a percentage of non-inter-level travel turns spent in the entire game.
 C = Inter-level travel turns spent in this place as a percentage of turns spent in this place.
 D = Turns resting spent in this place as a percentage of non-inter-level travel turns spent in this place.
 E = Turns spent auto-exploring this place as a percentage of non-inter-level travel turns spent in this place.
 F = Non-inter-level travel turns spent in this place divided by the number of levels of this place that you've seen.
                   A       B       C       D       E      F
               +-------+-------+-------+-------+-------+----------------------
         Total | 100.0 | 100.0 |   0.7 |   0.9 |   2.8 | 890.5
       Dungeon | 100.0 | 100.0 |   0.7 |   0.9 |   2.8 | 890.5
               +-------+-------+-------+-------+-------+----------------------

Table legend:
 A = Kills in this place as a percentage of kills in entire the game.
 B = Kills by you in this place as a percentage of kills by you in the entire game.
 C = Kills by friends in this place as a percentage of kills by friends in the entire game.
 D = Other kills in this place as a percentage of other kills in the entire game.
 E = Experience gained in this place as a percentage of experience gained in the entire game.
 F = Experience gained in this place divided by the number of levels of this place that you have seen.
                   A       B       C       D       E      F
               +-------+-------+-------+-------+-------+----------------------
         Total | 100.0 | 100.0 |  -nan |  -nan | 100.0 |  25.0
       Dungeon | 100.0 | 100.0 |  -nan |  -nan | 100.0 |  25.0
               +-------+-------+-------+-------+-------+----------------------

Vanquished Creatures
  2 giant geckos (D:1)
  A ball python (D:1)
  2 giant cockroaches
  3 goblins (D:1)
  2 hobgoblins (D:1)
  7 jackals
  3 bats (D:1)
  2 giant newts (D:1)
  5 kobolds (D:1)
  3 rats (D:1)
30 creatures vanquished.

Notes
Turn   | Place    | Note
--------------------------------------------------------------
     0 | D:1      | gw the Felid Berserker began the quest for the Orb.
     0 | D:1      | Reached XP level 1. HP: 10/10 MP: 2/2
   325 | D:1      | Reached XP level 2. HP: 5/14 MP: 3/3
  1135 | D:1      | Reached ** piety under Trog
  1354 | D:1      | Reached XP level 3. HP: 14/17 MP: 4/4
  1690 | D:2      | Slain by a hobgoblin

Action                   || total
-------------------------++-------
Melee: Unarmed           ||    70
Invok: Berserk           ||     2
  Use: Scroll            ||     4
       Potion            ||     3
 Stab: Sleeping          ||     1
  Eat: Chunk             ||    11

Vault maps used:
D:1:      lightli_arrival_farm, st_stairs_11
